[Event "EU-ch 12th"]
[Site "Aix les Bains"]
[Date "2011.04.02"]
[Round "11"]
[White "Matlakov, Maxim"]
[Black "Fressinet, Laurent"]
[Result "1/2-1/2"]
[ECO "D30"]
[WhiteElo "2625"]
[BlackElo "2693"]
[Annotator "Marchand,A/Primel,D"]
[PlyCount "141"]
[EventDate "2011.03.22"]
[EventType "swiss"]
[EventRounds "11"]
[EventCountry "FRA"]
[SourceTitle "CBM 142 Extra"]
[Source "ChessBase"]
[SourceDate "2011.06.27"]
[SourceVersion "1"]
[SourceVersionDate "2011.06.27"]
[SourceQuality "1"]
[TimeControl "40/5400+30:1800+30"]

1. d4 Nf6 2. c4 e6 3. Nf3 d5 4. e3 a6 5. b3 c5 6. Bb2 Nc6 7. Bd3 Be7 8. O-O ({RR} 8. cxd5 exd5 9. O-O O-O 10. Nbd2 cxd4 11. Nxd4 Ne5 12. N2f3 Nxd3 13. Qxd3 Ne4 14. h3 Bf6 15. Rac1 Bd7 16. Rfd1 Qa5 17. Qb1 Bxd4 18. Bxd4 Rac8 19. Qb2 f6 20. Ne1 Rxc1 21. Rxc1 Rc8 22. Rxc8+ Bxc8 {Kramnik,V (2785)-Grischuk,A (2715) Moscow 2007 ½-½ (48)}) 8... cxd4 9. exd4 Nb4 $146 (9... O-O {0-1 Vaganian,R (2590)-Brkic,A (2558) EU-Cup 24th Kallithea 2008 (2)}) ({RR} 9... O-O 10. Nc3 dxc4 11. bxc4 b6 12. Qe2 Bb7 13. Rad1 Re8 14. Bb1 Na5 15. Ne5 Rc8 16. Qd3 Qc7 17. Qh3 Nxc4 18. Nxc4 Qxc4 19. d5 exd5 20. Ne2 Ne4 21. Ng3 Ng5 22. Qh5 g6 23. Qh6 Ne6 24. f4 {Vaganian,R (2590)-Brkic,A (2558) Kallithea 2008 0-1 (33)}) ({RR} 9... O-O 10. Nbd2 b6 11. Rc1 Bb7 12. Re1 Rc8 13. Bb1 Re8 14. Qe2 Bf8 15. a3 Rc7 16. Qd3 Ne7 17. Ne5 Ng6 18. Qg3 dxc4 19. Bxg6 hxg6 20. bxc4 Bd6 21. f4 Nh5 22. Qg4 Bxa3 23. Bxa3 Qxd4+ 24. Kh1 {Marzo Pie,X (2159)-Alcala Gonzalez,C (2303) Barcelona ESP 2026 0-1}) ({RR} 9... O-O 10. Nbd2 b6 11. Rc1 Bb7 12. Qe2 dxc4 13. bxc4 b5 14. c5 Nd5 15. Bb1 Qc7 16. Ne4 Rad8 17. Rfe1 g6 18. Ne5 Rfe8 19. Qf3 f6 20. Nxc6 Bxc6 21. Qg3 Qxg3 22. hxg3 f5 23. Nd2 Bf6 24. Nb3 {Gasanov,E (2475)-Movsesian,S (2635) Pardubice 2018 ½-½ (76)}) 10. Be2 b6 11. Nc3 Bb7 12. a3 Nc6 13. cxd5 exd5 14. Ne5 $14 O-O 15. Rc1 Rc8 16. Bf3 Re8 17. Re1 Bf8 18. b4 Ne7 19. Rc2 (19. Ng4 Nxg4 (19... Nf5 20. Nxf6+ Qxf6 21. Nxd5) 20. Bxg4 Rc4 21. Be2 b5 $5 22. Bxc4 dxc4 $44 ) 19... Nf5 20. g3 Nd6 $1 $132 21. Bg2 Rc7 $1 22. Rce2 Rce7 23. Qd3 Nfe4 24. Nxe4 $6 {Les Noirs vont obtenir une case "d5" pour faire transiter les pièces} dxe4 25. Qb3 Qa8 $1 26. Ng4 Bd5 27. Qd1 Nc4 $132 28. Bc1 a5 29. Ne3 Nxe3 30. Rxe3 axb4 31. axb4 Re6 (31... Rc7 $15 ) 32. Bd2 g6 33. Bh3 f5 34. Qb1 Bg7 35. Qb2 Qd8 (35... Rc6 $5 ) 36. Ra3 Qf6 37. Bf4 Rc8 38. Be5 Qe7 39. Bxg7 Kxg7 40. b5 Rc7 41. Rc1 Rd7 42. Re3 Qf6 43. Qb4 Red6 44. Rec3 Bf7 45. Rc6 Qxd4 46. Qa3 Qe5 47. Bf1 Rd1 48. Qe3 Qxb5 $1 {[%csl Rf1][%cal Gb5f1] Nouvelle erreur du plateau DGT qui n' a pas sauvegardé la totalité de la partie!} 49. Qc3+ Kh6 50. Qe3+ Kg7 (50... Kh5) 51. Qc3+ Kh6 52. Qe3+ Kh5 {Tente de jouer pour le gain} 53. g4+ $1 fxg4 54. R6c5+ $3 bxc5 55. Rxc5+ $1 {Quel sauvetage!} Qxc5 56. Qxc5+ R7d5 (56... g5 $1 {Il serait plus difficile pour la  Blanche d'attaquer le  Noir}) 57. Qe3 R5d3 58. Qc5+ g5 59. Kg2 Rd5 60. Qc8 Rd8 61. Qc7 R8d7 62. Qg3 e3 $1 63. h3 $1 gxh3+ $2 (63... Bd5+ {[%csl Rf1,Rg2] Il vallait mieux ramener une pièce supplémentaire en attaque} 64. Kh2 Rxf1 65. hxg4+ Kg6 $19 ) 64. Qxh3+ Kg6 65. Qxe3 R1d6 66. Bb5 Rd8 67. Qe7 Rd4 68. Bc6 Bd5+ {Trop tard!} (68... Rg4+ 69. Kh3 Rdd4 70. f3 Rh4+ 71. Kg3 $11) 69. Bxd5 R4xd5 70. Qe6+ Kg7 71. Qe7+ 1/2-1/2

[Event "EU-ch 12th"]
[Site "Aix les Bains"]
[Date "2011.03.31"]
[Round "9"]
[White "Chatalbashev, Boris"]
[Black "Nielsen, Peter Heine"]
[Result "0-1"]
[ECO "D30"]
[WhiteElo "2602"]
[BlackElo "2670"]
[Annotator "ChessBase II"]
[PlyCount "82"]
[EventDate "2011.03.22"]
[EventType "swiss"]
[EventRounds "11"]
[EventCountry "FRA"]
[SourceTitle "CBM 142 Extra"]
[Source "ChessBase"]
[SourceDate "2011.06.27"]
[SourceVersion "1"]
[SourceVersionDate "2011.06.27"]
[SourceQuality "1"]
[TimeControl "40/5400+30:1800+30"]

1. d4 d5 2. c4 e6 3. Nf3 Nf6 4. Bg5 dxc4 5. Qa4+ (5. Nc3 Bb4 6. e4 c5 7. Bxc4) 5... Nbd7 6. e4 c6 7. Qxc4 Qb6 $1 8. Nbd2 Qxb2 9. Rb1 Qa3 10. Bd3 h6 11. Bf4 (11. Bh4 $143 {½-½ Milov,V (2653)-Shulman,Y (2550) Minneapolis HB Global op 2005 (9)}) 11... Be7 12. O-O (12. Bc7 O-O 13. O-O Nb6 14. Qc2 Qa4 15. Qc3 Nfd5 16. exd5 Nxd5 17. Qa5 Qxa5 18. Bxa5 b6 19. Ne5 bxa5 20. Nxc6 Bd8 21. Rfc1 Bd7 22. Nxd8 Rfxd8 23. Be4 Rac8 24. Bxd5 exd5 25. Rc5 Rxc5 26. dxc5 Rc8 {Ginsburg,M (2365)-Shulman,Y (2606)/Chicago 2008/0-1 (44)}) (12. Qc2) 12... O-O 13. Qc2 Nb6 $146 (13... Qa5 14. Nb3 {½-½ Huzman,A (2577)-Kogan,A (2580) Montreal 6th 2005 (3)}) ({RR} 13... Qa5 14. Nc4 Qd8 15. Rfd1 Nh5 16. Bd2 Qc7 17. e5 f5 18. Be2 b5 19. Nd6 Nb6 20. Nxb5 Qd7 21. Nc3 Rd8 22. a4 Qe8 23. a5 Nd5 24. a6 Nhf4 25. Bf1 Nxc3 26. Qxc3 Nd5 27. Qc4 Bd7 28. Ne1 {Ibrahimli,M (2418)-Durarbayli,V (2615) Nakhchivan 2022 0-1 (51)}) ({RR} 13... Qa5 14. Nc4 Qd8 15. Rfd1 Nh5 16. Bd2 Qc7 17. e5 f5 18. Be2 b5 19. Nd6 Nb6 20. Nxb5 Qd7 21. Nc3 Rd8 22. a4 Qe8 23. a5 Nd5 24. a6 Nhf4 25. Bf1 Nxc3 26. Qxc3 Nd5 27. Qc4 Bd7 28. Ne1 {Ibrahimli,M (2418)-Durarbayli,V (2615) Nakhchivan 2022 0-1 (51)}) 14. Nb3 Rd8 15. Rfd1 $44 Bf8 16. Nc5 Rxd4 $5 17. Nxe6 Rxe4 18. Bxe4 (18. Bc1 $5) 18... Bxe6 19. Nd4 Qxa2 $15 20. Nxe6 Qxc2 21. Bxc2 fxe6 22. Be3 Nfd5 $1 23. Bxb6 $6 (23. Bd4 c5 24. Ba1) 23... axb6 $17 24. Re1 Kf7 25. Rb3 Be7 26. Be4 b5 $19 27. Rf3+ Bf6 28. h4 b4 29. g4 Ke7 30. Bxd5 cxd5 31. Rb1 Bc3 32. Kf1 g6 33. g5 h5 34. Kg2 Ra2 35. Rf4 b5 36. Kf1 Ra3 37. Ke2 b3 38. Kd3 b4 39. Rf3 e5 40. Rh3 e4+ 41. Ke3 Ke6 0-1

[Event "FRA-chT Top 12"]
[Site "Brest"]
[Date "2018.05.27"]
[Round "2"]
[White "Laznicka, Viktor"]
[Black "Van Wely, Loek"]
[Result "1/2-1/2"]
[ECO "D30"]
[WhiteElo "2671"]
[BlackElo "2667"]
[Annotator "ChessBase II"]
[PlyCount "73"]
[EventDate "2018.05.26"]
[EventType "team-tourn"]
[EventRounds "11"]
[EventCountry "FRA"]
[SourceTitle "EXT 2019"]
[Source "ChessBase"]
[SourceDate "2018.10.10"]
[SourceVersion "1"]
[SourceVersionDate "2018.10.10"]
[SourceQuality "1"]
[WhiteTeam "Bois Colombes"]
[BlackTeam "Clichy Echecs 92"]
[WhiteTeamCountry "FRA"]
[BlackTeamCountry "FRA"]
[TimeControl "40/5400+30:1800+30"]

1. c4 Nf6 2. Nf3 e6 3. d4 d5 4. e3 a6 5. b3 c5 (5... dxc4 6. Bxc4 c5 7. O-O cxd4 8. Nxd4 Bd7 9. Bb2 Nc6 10. Nd2 Nxd4 11. Bxd4 Bc6 12. Be2 Bb4 13. Nc4 O-O 14. Bf3 Nd5 15. Bxd5 Bxd5 16. Qg4 g6 17. Nb6 f5 18. Qg3 Bd6 19. f4 Rb8 20. Rad1 Rf7 21. Nxd5 exd5 22. Qf3 Rc8 23. Qxd5 Bf8 24. Qxd8 Rxd8 25. Bb6 Re8 26. a4 Rc8 27. Rd3 Rc6 28. Ba5 Rc2 29. Rfd1 Bc5 30. R1d2 Rc1+ 31. Kf2 Re7 32. Bd8 Re8 33. Bf6 Bb4 34. Rd1 Rxd1 35. Rxd1 {Dreev,A (2653)-Rakhmanov,A (2635) Havana 2018 1-0}) 6. cxd5 exd5 7. Be2 cxd4 8. Nxd4 Bd6 9. O-O Qe7 10. Nd2 Nc6 11. Bb2 O-O 12. N2f3 Ne4 13. Rc1 $146 (13. a3 Rd8 14. b4 a5 15. b5 Ne5 16. Nxe5 Qxe5 17. f4 Qe8 18. Bg4 Nc3 19. Qd3 Na4 20. Bxc8 Nxb2 21. Qb3 Raxc8 22. Qxb2 Qxe3+ 23. Kh1 Qc3 24. Qxc3 Rxc3 25. a4 Rc4 26. Nf5 Bf8 27. g3 g6 28. Ne3 Re4 29. Ng4 Bg7 30. Ra3 d4 31. Rd1 Rc8 32. Kg2 Re2+ 33. Kf3 Rec2 34. h3 R8c4 35. Rdd3 Rb4 36. Nf2 f5 37. Rdb3 Rc3+ 38. Rxc3 dxc3 39. Nd3 c2 40. Ra2 Rb3 41. Rxc2 Rxd3+ 42. Ke2 Rd7 {Farkas,L (2209)-Galyas,M (2412) Balatonalmadi 2012 0-1}) 13... Nxd4 $146 ({RR} 13... Bd7 14. Nxc6 bxc6 15. Qd4 f6 16. Bd3 Rfe8 17. Bxe4 Qxe4 18. Qxe4 Rxe4 19. Bd4 a5 20. Bc5 Bc7 21. Nd4 Ree8 22. Rc3 g5 23. Rfc1 Be5 24. f3 h5 25. g3 h4 26. g4 h3 27. R3c2 Kf7 28. Rf2 {Sivuk,V (2533)-Zhukenov,A (2178) Astana KAZ 2023 ½-½ (52)}) ({RR} 13... Bd7 14. Nxc6 bxc6 15. Qd4 f6 16. Bd3 Rfe8 17. Bxe4 Qxe4 18. Qxe4 Rxe4 19. Bd4 a5 20. Bc5 Bc7 21. Nd4 Ree8 22. Rc3 g5 23. Rfc1 Be5 24. f3 h5 25. g3 h4 26. g4 h3 27. R3c2 Kf7 28. Rf2 {Sivuk,V (2533)-Zhukenov,A (2178) Astana KAZ 2023 ½-½ (52)}) 14. Nxd4 Qe5 $1 {[%emt 0:13:51] Forçant un sérieux affaiblissement} 15. f4 Qf6 $15 16. Bd3 Qg6 17. Qe1 Bh3 18. Rf2 Rac8 19. Rfc2 Rxc2 20. Rxc2 Re8 21. Qa5 Be6 22. Qb6 (22. Ba3) 22... Bc8 23. Qa5 Qh5 $1 24. Bxe4 Qd1+ 25. Kf2 dxe4 26. Qc3 Bf8 27. Rc1 Qg4 28. Qc7 h5 29. Ne2 Be7 30. h3 Qg6 31. Rd1 Bh4+ 32. Kf1 Qf5 33. Be5 Kh7 34. Nd4 Qg6 35. Ne2 Qf5 36. Nd4 Qg6 37. Ne2 1/2-1/2

[Event "EU-ch 12th"]
[Site "Aix les Bains"]
[Date "2011.04.02"]
[Round "11"]
[White "Chatalbashev, Boris"]
[Black "Andriasian, Zaven"]
[Result "1/2-1/2"]
[ECO "D30"]
[WhiteElo "2602"]
[BlackElo "2645"]
[Annotator "ChessBase II"]
[PlyCount "47"]
[EventDate "2011.03.22"]
[EventType "swiss"]
[EventRounds "11"]
[EventCountry "FRA"]
[SourceTitle "CBM 142 Extra"]
[Source "ChessBase"]
[SourceDate "2011.06.27"]
[SourceVersion "1"]
[SourceVersionDate "2011.06.27"]
[SourceQuality "1"]
[TimeControl "40/5400+30:1800+30"]

1. d4 d5 2. c4 c6 3. Nf3 Nf6 4. e3 e6 5. Bd3 dxc4 6. Bxc4 Nbd7 7. O-O Bd6 8. Nbd2 O-O 9. b3 Qe7 10. Bb2 e5 11. Qc2 e4 12. Ng5 Bxh2+ 13. Kxh2 Ng4+ 14. Kg1 Qxg5 15. Qxe4 Ndf6 16. Qf4 Qxf4 17. exf4 Bd7 $146 ({RR} 17... Nd5 18. Bxd5 cxd5 19. Rfe1 Bd7 20. f3 Nf6 21. Kf2 Rfc8 22. Rac1 Rxc1 23. Rxc1 Rc8 24. Rxc8+ {[%emt 0:33:29] 1/2-1/2 Dizdar,G (2564)-Horvath,C (2530)/Austria 2008/EXT}) ({RR} 17... Bf5 18. Rfe1 Rfe8 19. Nf3 Nd5 20. Bxd5 cxd5 21. Ne5 {½-½ (21) Keymer,V (2591)-Sasikiran,K (2647) Tornelo INT 2021}) ({RR} 17... Nd5 18. Bxd5 cxd5 19. Rfe1 Bd7 20. f3 Nf6 21. Kf2 Rfc8 22. Rac1 Rxc1 23. Rxc1 Rc8 24. Rxc8+ {½-½ (24) Dizdar,G (2564)-Horvath,C (2530) Austria 2008}) 18. Nf3 Nd5 19. Ne5 $14 Rad8 20. Bxd5 cxd5 21. Ba3 Rfe8 22. Rfe1 Nxe5 23. fxe5 Rc8 24. Rac1 {0h:31m:00s} 1/2-1/2